 Dungeon Crawl Stone Soup version 0.29.1-15-g9cfb28693d (webtiles) character file.

Game seed: 11559821828027003023

5160 redmage the Thaumaturge (level 11, -2/79 HPs)
             Began as a Meteoran Earth Elementalist on Sept 8, 2023.
             Was a Believer of Cheibriados.
             Slain by a black bear (4 damage)
             ... on level 10 of the Dungeon.
             The game lasted 00:22:51 (1576 turns).

redmage the Thaumaturge (MeEE)                      Turns: 1576, Time: 00:22:52

Health: -2/79      AC:  3    Str: 15    XL:     11   Next: 13%
Magic:  23/26      EV: 14    Int: 25    God:    Cheibriados [**....]
Gold:   301        SH:  0    Dex: 21    Spells: 19/30 levels left

rFire   . . .      SeeInvis .   j - staff of air
rCold   . . .      Faith    .   v - orb {*channel}
rNeg    . . .      Spirit   .   w - +2 robe {Archmagi}
rPois   +          Reflect  .   e - +0 helmet
rElec   +          Harm     .   (no cloak)
rCorr   .          Rampage  .   s - +1 pair of gloves
Will    +....      Archmagi +   (no boots)
Stlth   +.........              (no amulet)
HPRegen 0.23/turn               g - ring of poison resistance
MPRegen 0.20/turn               (no ring)

@: corroded, glowing, very slow
A: sense surroundings 2, otherworldly, glowing, explore regen
a: Renounce Religion, Bend Time


You were on level 10 of the Dungeon.
You worshipped Cheibriados.
Cheibriados was pleased with you.
You visited 2 branches of the dungeon, and saw 12 of its levels.

You collected 301 gold pieces.

Inventory:

Missiles
 t - a throwing net
Armour
 e - a +0 helmet (worn)
 p - a +2 robe of willpower
 s - a +1 pair of gloves (worn)
 v - an orb of energy (worn)
 w - a +2 robe of the Archmagi (worn)
Magical Staves
 j - a staff of air (weapon)
Jewellery
 g - a ring of poison resistance (left hand)
Wands
 x - a wand of mindburst (11)
Scrolls
 c - a scroll of noise {unknown}
 d - a scroll of enchant weapon {unknown}
 f - a scroll of teleportation
 l - a scroll of immolation {unknown}
 m - a scroll of fog
 n - a scroll of vulnerability
Potions
 a - 4 potions of heal wounds
 b - 2 potions of magic
 h - 3 potions of might
 i - 3 potions of haste {unknown}
 k - 4 potions of curing {unknown}
 o - 2 potions of attraction
 q - 3 potions of brilliance
 u - a potion of berserk rage {unknown}


   Skills:
 + Level 2.1 Fighting
 + Level 3.8 Dodging
 - Level 1.4 Stealth
 * Level 3.8 Unarmed Combat
 - Level 10.4 Spellcasting
 - Level 5.0 Conjurations
 - Level 10.0 Transmutations
 - Level 7.3 Earth Magic
 - Level 5.7 Invocations
 + Level 2.4 Evocations


You had 19 spell levels left.
You knew the following spells:

 Your Spells              Type           Power      Damage    Failure   Level
a - Sandblast             Erth           100%       2d20      1%          1
b - Passwall              Tmut/Erth      59%        N/A       1%          2
c - Stone Arrow           Conj/Erth      100%       3d13      1%          3
d - Blade Hands           Tmut           38%        N/A       2%          5

Your spell library contained the following spells:

 Spells                   Type           Power      Damage    Failure   Level
 Petrify                  Tmut/Erth      71%        N/A       1%          4
 Portal Projectile        Hex/Tloc       38%        N/A       14%         3
 Tukima's Dance           Hex            19%        N/A       14%         3


Dungeon Overview and Level Annotations

Branches:
Dungeon (11/15) Zot: 7785  Temple (1/1) D:4 Zot: 820    Lair (0/5) D:10
    Orc: D:9-12

Altars:
Cheibriados
Dithmenos
Elyvilon
Fedhas
Gozag
Hepliaklqana
Kikubaaqudgha
Okawaru
Ru
Trog
Uskayaw
Vehumet
Wu Jian
Yredelemnul
Zin


Innate Abilities, Weirdness & Mutations

You passively map the area around you.
You are easily found by Zot.
You glow in the dark.
You regain HP and MP as you explore.


Message History

The bullfrog hits the plant!
The plant begins to die.
The bullfrog barely misses you.
The komodo dragon bites the plant.
The plant begins to die.
The bullfrog hits the fungus!
The fungus begins to die.
The bullfrog hits the plant.
The bullfrog hits you.
The black bear attacks as you move away!
The black bear bites you. The black bear barely misses you.
The black bear claws you but does no damage.
A nearby plant withers and dies. x2; The bullfrog hits the plant.
The plant begins to die.
The bullfrog hits the fungus!
The bullfrog hits you. The acid dragon spits acid at you.
The splash of acid hits you!! The black bear barely misses you.
The black bear claws you but does no damage. x2
The bullfrog hits the plant!
A nearby fungus withers and dies.
The bullfrog closely misses you.
The bullfrog releases a deep croak.
The bullfrog barely misses you. The bullfrog completely misses you.
The black bear misses you. x2
The black bear claws you but does no damage.
The black bear attacks as you move away!
The black bear misses you. The black bear barely misses you.
The black bear misses you.
The bullfrog hits you but does no damage.
The black bear attacks as you move away!
The black bear misses you. The black bear claws you. The black bear misses you.
The bullfrog snags a nearby mosquito with its tongue.
The bullfrog misses you. The bullfrog completely misses you.
There is a stone staircase leading up here.
As you read the scroll labelled VOUH ZIQICHOHU, it crumbles to dust.
Your body is wracked with pain!
* * * LOW HITPOINT WARNING * * *
The komodo dragon convulses!
The bullfrog convulses! x3
The acid dragon convulses!
The black bear convulses! x2
It was a scroll of torment.
The bullfrog hits you.
* * * LOW HITPOINT WARNING * * *
The bullfrog barely misses you. The acid dragon spits acid at you.
The splash of acid hits you!
* * * LOW HITPOINT WARNING * * *
The acid corrodes you! The black bear bites you.
You die...

......P.P...... , , *
P>PP..P........ ,
PhPP.P.......# * *
..P.P........# *..
,PP.P.PP......##########..#
.....P....h..............#
,PPP.P...............(....#
P..P..†.......hF.........#
PPPP..P.......Fl@.........#
.....P.........DF.........#
.P..PP....................#
........).................#
..........................#
..........................#
..........................#
......................<...#
#########.................#


You could see a komodo dragon, 2 black bears, an acid dragon (catching breath)
and 3 bullfrogs.

Vanquished Creatures
  A two-headed ogre (D:10)
  A necromancer (D:9)
  Psyche (D:9)
  A hornet (D:10)
  Grinder (D:5)
  9 yaks
  2 wyverns
  Menkaure (D:5)
  A water moccasin (D:8)
  4 orc warriors (D:9)
  A sky beast (D:8)
  2 black bears
  3 centaurs (D:9)
  A kobold brigand (D:9)
  2 bullfrogs
  A scorpion (D:5)
  A necrophage (D:8)
  A killer bee (D:8)
  5 howler monkeys
  A gnoll bouda (D:10)
  A jelly (D:7)
  Jessica (D:3)
  An orc wizard (D:8)
  A polar bear simulacrum (D:9)
  A wolf simulacrum (D:9)
  4 gnolls (D:10)
  4 adders
  A shadow imp (D:7)
  A white imp (D:5)
  A dart slug (D:1)
  10 orcs
  4 bats
  3 endoplasms
  3 giant cockroaches
  3 goblins
  A hobgoblin (D:2)
  8 kobolds
  A quokka (D:4)
  2 rats (D:2)
91 creatures vanquished.

Vanquished Creatures (others)
  9 fungi (D:10)
  12 plants
21 creatures vanquished.

Grand Total: 112 creatures vanquished

Notes
Turn   | Place    | Note
-------+----------+-------------------------------------------
     0 | D:1      | redmage the Meteoran Earth Elementalist began the quest for
                  | the Orb.
     0 | D:1      | Reached XP level 1. HP: 14/14 MP: 5/5
    37 | D:1      | Reached XP level 2. HP: 18/20 MP: 2/6
    70 | D:1      | Learned a level 2 spell: Passwall
   138 | D:2      | Reached XP level 3. HP: 26/26 MP: 4/8
   160 | D:2      | Found a faded altar of an unknown god.
   236 | D:3      | Noticed Jessica
   260 | D:3      | Learned a level 3 spell: Stone Arrow
   263 | D:3      | Reached XP level 4. HP: 22/33 MP: 6/10
   309 | D:3      | Killed Jessica
   310 | D:3      | Reached skill level 1 in Conjurations
   399 | D:4      | Reached XP level 5. HP: 38/38 MP: 8/12
   458 | D:4      | Found a staircase to the Ecumenical Temple.
   473 | Temple   | Entered the Ecumenical Temple
   517 | Temple   | Became a worshipper of Cheibriados the Contemplative
   547 | D:5      | Entered Level 5 of the Dungeon
   573 | D:5      | Reached skill level 5 in Earth Magic
   597 | D:5      | Noticed Grinder
   607 | D:5      | Paralysed by Grinder for 3 turns
   610 | D:5      | Killed Grinder
   611 | D:5      | Reached skill level 5 in Spellcasting
   611 | D:5      | Reached XP level 6. HP: 34/45 MP: 3/14
   611 | D:5      | Reached XP level 7. HP: 38/50 MP: 3/15
   632 | D:5      | Noticed Menkaure
   639 | D:5      | Killed Menkaure
   640 | D:5      | Reached skill level 5 in Conjurations
   647 | D:5      | Found a basalt altar of Yredelemnul.
   740 | D:7      | Reached XP level 8. HP: 57/57 MP: 13/18
   795 | D:10     | Entered Level 10 of the Dungeon
   813 | D:9      | Noticed a wyvern
   817 | D:9      | Killed a wyvern
   886 | D:8      | Noticed a wyvern
   893 | D:8      | Killed a wyvern
   982 | D:8      | Learned a level 5 spell: Blade Hands
   999 | D:8      | Gained mutation: You passively map the area around you.
                  | [Meteoran growth]
   999 | D:8      | Reached XP level 9. HP: 48/62 MP: 14/21
  1009 | D:8      | Reached * piety under Cheibriados
  1095 | D:7      | Reached skill level 5 in Invocations
  1136 | D:9      | Noticed Psyche
  1144 | D:9      | Killed Psyche
  1145 | D:9      | Reached skill level 5 in Transmutations
  1207 | D:9      | Reached XP level 10. HP: 64/69 MP: 1/23
  1274 | D:9      | Noticed a necromancer
  1279 | D:9      | Reached ** piety under Cheibriados
  1280 | D:9      | Killed a necromancer
  1366 | D:9      | Reached skill level 10 in Spellcasting
  1368 | D:9      | Reached skill level 10 in Transmutations
  1401 | D:9      | Reached skill level 1 in Unarmed Combat
  1447 | D:9      | Reached skill level 1 in Evocations
  1449 | D:9      | Reached skill level 1 in Fighting
  1509 | D:10     | Noticed a two-headed ogre
  1512 | D:10     | Killed a two-headed ogre
  1513 | D:10     | Reached XP level 11. HP: 79/79 MP: 13/26
  1561 | D:10     | Found a staircase to the Lair.
  1576 | D:10     | HP: 2/79 [acid dragon/splash of acid (11)]
  1576 | D:10     | Slain by a black bear

Illustrated notes

Levels and vault maps discovered:
D:1:      mrwooster_arrival_statue, layout_basic
D:2:      layout_rooms, hellmonk_ecumenical_altar_run_dry, serial_shops,
          nicolae_square_shop, kennysheep_generic_room_4
D:3:      minmay_chambers_of_twos, layout_basic,
          nicolae_qazlal_scattered_showers, nicolae_overflow_squiral,
          serial_shops, shop, kennysheep_generic_room_3, uniq_natasha,
          uniq_jessica
D:4:      layout_loops_ring, ashenzari_conservatory_becter,
          mainiacjoe_overflow_paths, minmay_temple_entry_glass,
          minmay_misc_feat_more_columns
D:5:      layout_basic, yredelemnul_altar_generic, uniq_prince_ribbit1,
          uniq_menkaure, uniq_grinder, uniq_pikel, uniq_eustachio
D:6:      layout_basic, xom_butterflies, kennysheep_generic_room_9
D:7:      layout_loops_corners, st_stairs_9, nicolae_benzene_ring
D:8:      layout_cave_pools
D:9:      layout_roguey [special_room_orc], orc_0_dummy, eino_house_with_fridge,
          uniq_psyche
D:10:     minmay_spotlight, layout_long_grid, lemuel_blue_sif_altar,
          due_lair_maze_entry_diamond, minmay_mirror_moons_of_madness
D:11:     layout_long_grid, uniq_josephine, uniq_lodul
Temple:   nicolae_temple_great_sept

Skill      XL: |  1  2  3  4  5  6  7  8  9 10 11 |
---------------+----------------------------------+-----
Spellcasting   | 3 4 5 6 7 8 10 | 10.4
Earth Magic    | 4 5 6 7 |  7.3
Conjurations   | 2 4 5 |  5.0
Invocations    | 4 5 |  5.7
Transmutations | 2 7 10 | 10.0
Unarmed Combat | 3 |  3.8
Evocations     | 1 2 |  2.4
Fighting       | 1 2 |  2.1
Dodging        | 3 |  3.8
Stealth        | |  1.4

Action                   |  1- 3 |  4- 6 |  7- 9 | 10-12 || total
-------------------------+-------+-------+-------+-------++-------
Melee: Staff             |       |       |       |     5 ||     5
       Unarmed           |       |       |       |     4 ||     4
 Cast: Sandblast         |    30 |    34 |    41 |    28 ||   133
       Passwall          |     2 |     5 |     2 |     6 ||    15
       Stone Arrow       |       |     1 |    32 |    29 ||    62
       Blade Hands       |       |       |       |     1 ||     1
  Use: Scroll            |       |     4 |     3 |     1 ||     8
Armor: Robe              |    12 |     3 |    14 |    12 ||    41
Dodge: Dodged            |    11 |    22 |    24 |    36 ||    93
